 Dungeon Crawl Stone Soup version 0.29-a0-323-g050149af67 (webtiles) character file.

Game seed: 12415491137413770309

16 spaghetti the Firebug (level 2, -1/17 HPs)
             Began as an Octopode Fire Elementalist on Apr 10, 2022.
             Was a High Priest of Ignis.
             Slain by a gnoll
             ... wielding a +0 spear
              (8 damage)
             ... on level 2 of the Dungeon.
             The game lasted 00:01:30 (1699 turns).

spaghetti the Firebug (Octopode Fire Elementalist)  Turns: 1699, Time: 00:01:30

Health: -1/17      AC:  1    Str:  7    XL:     2   Next: 58%
Magic:  5/5        EV: 13    Int: 17    God:    Ignis [*****.]
Gold:   66         SH:  0    Dex: 12    Spells: 4/5 levels left

rFire   + . .      SeeInvis .   h - +1 long sword (freeze) {long}
rCold   + . .      Faith    .   (no shield)
rNeg    . . .      Spirit   .   (helmet restricted)
rPois   .          Reflect  .   (no amulet)
rElec   .          Harm     .   k - ring of protection from cold
rCorr   .          Rampage  .   (no ring)
Will    .....                   (no ring)
Stlth   +++.......              (no ring)
HPRegen 0.05/turn               (no ring)
MPRegen 0.09/turn               (no ring)
                                (no ring)
                                (no ring)

@: rising, flying
A: almost no armour, amphibious, 8 rings, camouflage 1, gelatinous body 1,
(nimble swimmer 1), tentacles
a: Renounce Religion, Fiery Armour, Foxfire Swarm


You were on level 2 of the Dungeon.
You worshipped Ignis.
Ignis was extremely pleased with you.
You visited 1 branch of the dungeon, and saw 2 of its levels.

You collected 66 gold pieces.


Innate Abilities, Weirdness & Mutations

You cannot wear most types of armour.
You are amphibious.
You can wear up to eight rings at the same time.
Your skin changes colour to match your surroundings (Stealth+).
Your rubbery body absorbs attacks. (AC +1, EV +1)
((You are camouflaged when in or above water. (Stealth+)))
You have tentacles for arms and can constrict up to eight enemies at once.


   Skills:
 + Level 1.3 Long Blades
 + Level 2.6 Dodging
 + Level 2.7 Stealth
 - Level 2.0 Spellcasting
 - Level 1.0 Conjurations
 - Level 3.0 Fire Magic


You had 4 spell levels left.
You knew the following spells:

 Your Spells              Type           Power      Damage    Failure   Level
a - Foxfire               Conj/Fire      32%        2x1d5     9%          1

Your spell library contained the following spells:

 Spells                   Type           Power      Damage    Failure   Level
 Scorch                   Fire           22%        2d6       9%          2
 Animate Skeleton         Necr           2%         N/A       19%         1
 Pain                     Necr           4%         1d4       19%         1
 Conjure Flame            Conj/Fire      8%         6-21      26%         3
 Inner Flame              Hex/Fire       6%         N/A       30%         3
 Vampiric Draining        Necr           1%         2d6       50%         3
 Flame Wave               Conj/Fire      8%         2d5       63%         4

Inventory:

Hand Weapons
 d - a +0 mace {mace}
   (You found it on level 1 of the Dungeon)
 h - a +1 long sword of freezing (weapon) {long}
   (You found it on level 1 of the Dungeon)
Missiles
 g - 12 poisoned darts {throwing}
 n - 23 stones {throwing}
Magical Staves
 p - a staff of conjuration {!a@e2staff}
   (You found it on level 1 of the Dungeon)
Jewellery
 k - a ring of protection from cold (left tentacle)
   (You found it on level 1 of the Dungeon)
Scrolls
 b - a scroll of enchant armour {unknown}
 c - 3 scrolls of teleportation {unknown}
 e - a scroll of immolation {unknown}
Potions
 a - 2 potions of magic
 f - 2 potions of curing {unknown}
 i - a potion of mutation {unknown}
 j - a potion of attraction {unknown}
 l - 2 potions of haste {unknown}
 m - a potion of might {unknown}
 o - a potion of lignification {unknown}

Dungeon Overview and Level Annotations

Branches:
Dungeon (2/15)

Altars:
Ignis

#.#.#
#.#.#
#.#.#
#.#.#
#.#.#
#g#.#
#g#.#
#g#)#
#.@.#
#####


You could see 3 gnolls.


Message History

Casting: Foxfire (safe; 9% risk of failure)
Confirm with . or Enter, or press ? or * to list all spells.
You miscast Foxfire.
You are very lightly contaminated with residual magic.
Nothing appears to happen. 😎 MP[-1]
You lost 1 mp, and now have 3/5 mp.
Your magical contamination has completely faded away.
You see here a +0 dagger {short}.
Key pressed, stopping explore.
c - 3 scrolls labelled LESER XEKULA (gained 1)
Found a stone staircase leading down. 😎 MP[+2]
Your mp is fully restored (5).
You now have 66 gold pieces (gained 7).
Key pressed, stopping explore.
You see here a +0 dagger {short}.
Key pressed, stopping explore.
A kobold comes into view. It is wielding a +0 club.
The kobold shouts!
Okay, then.
Unknown command.
A kobold is nearby!
A kobold is nearby!
A kobold is nearby!
The kobold barely misses you.
You barely miss the kobold. You grab the kobold.
You tentacle-slap the kobold, but do no damage.
You squeeze the kobold, but do no damage.
You constrict the kobold. The kobold completely misses you.
You completely miss the kobold. You constrict the kobold.
The kobold hits you with a +0 club. The kobold misses you. 😕 HP[-1]
You take 1 damage, and now have 16/17 hp.
You slash the kobold! You freeze the kobold.
You kill the kobold!
You see here a +0 club {mace}.
Key pressed, stopping explore.
Key pressed, stopping explore.
Partly explored, can't reach some places. 😎 HP[+1]
Your hp is fully restored (17).
Partly explored, can't reach some places.
(D) Dungeon
Where to? (? - help)
There is a stone staircase leading down here.
You climb downwards.
There is a stone staircase leading up here.
A goblin is nearby!
Unknown command.
Unknown command.
A goblin is nearby!
A goblin is nearby!
The goblin shouts!
The goblin closely misses you.
You barely miss the goblin. You grab the goblin. You constrict the goblin.
The goblin hits you with a +0 dagger. 😕 HP[-2]
You take 2 damage, and now have 15/17 hp.
You are too injured to fight recklessly!
You are too injured to fight recklessly!
You are too injured to fight recklessly!
You are too injured to fight recklessly!
You are too injured to fight recklessly!
You are too injured to fight recklessly!
You are too injured to fight recklessly!
You are too injured to fight recklessly!
A goblin is nearby!
A goblin is nearby!
You hit the goblin. You freeze the goblin.
You kill the goblin!
Things that are here:
a +0 dagger {short}; a +0 hunting sling {sling}; a goblin corpse
Found a stone staircase leading up. 😎 HP[+2]
Your hp is fully restored (17).
You see here a +0 great sword {long}.
A gnoll comes into view. It is wielding a +0 whip.
A gnoll is nearby!
A gnoll is nearby! 2 gnolls come into view.
A gnoll is wielding a +1 antimagic whip.
The helpless gnoll fails to defend itself.
You slash the gnoll! You freeze the gnoll. You grab the gnoll.
You constrict the gnoll, but do no damage.
The gnoll shouts! x2
The gnoll hits you from afar with a +0 spear!
Ouch! That really hurt!
* * * LOW HITPOINT WARNING * * *
The gnoll closely misses you.
The gnoll completely misses you. x2 😨 HP[-10]
You take 10 damage, and now have 7/17 hp.
MASSIVE DAMAGE!! (PAUSE)
Okay, then.
Okay, then.
You aren't carrying any items that you can evoke.
Unknown command.
You begin to rise into the air.
You constrict the gnoll.
The gnoll hits you from afar with a +0 spear!
You die...

Skill      XL: |  1 |
---------------+----+-----
Long Blades    | 1 |  1.3
Dodging        | |  2.6
Stealth        | |  2.7
Spellcasting   | |  2.0
Conjurations   | |  1.0
Fire Magic     | |  3.0

Action                   || total
-------------------------++-------
Melee: Long sword        ||    15
       Constrict         ||     6
       Tentacles         ||     4
       Punch             ||     1
 Cast: Foxfire           ||    19
Invok: Rising Flame      ||     1
 Stab: Sleeping          ||     2
Dodge: Dodged            ||    10

Levels and vault maps discovered:
D:1:      dpeg_cavernosity, layout_loops_ring,
          hellmonk_ecumenical_altar_lost_god
D:2:      layout_basic, serial_shops, shop

Notes
Turn   | Place    | Note
-------+----------+-------------------------------------------
     0 | D:1      | spaghetti the Octopode Fire Elementalist began the quest
                  | for the Orb.
     0 | D:1      | Reached XP level 1. HP: 11/11 MP: 3/3
     0 | D:1      | magus.rc [v1.9.6]
    77 | D:1      | You pick up a book of Necromancy and begin reading...
    77 | D:1      | You add the spells Pain, Animate Skeleton and Vampiric
                  | Draining to your library.
   609 | D:1      | Reached skill level 1 in Long Blades
   609 | D:1      | Reached XP level 2. HP: 8/17 MP: 5/5
  1096 | D:1      | Found a faded altar of an unknown god.
  1107 | D:1      | Prayed at the altar of an unknown god.
  1107 | D:1      | Became a worshipper of Ignis, the Dying Flame
  1699 | D:2      | Slain by a gnoll

Vanquished Creatures
  2 dart slugs (D:1)
  2 ball pythons (D:1)
  2 goblins
  2 hobgoblins (D:1)
  3 kobolds (D:1)
  3 rats (D:1)
14 creatures vanquished.

Vanquished Creatures (others)
  30 foxfires (D:1)
30 creatures vanquished.

Grand Total: 44 creatures vanquished

Table legend:
 A = Non-vault XP
 B = Vault XP
 C = Vault XP percentage of total XP
 D = Non-vault monster count
 E = Vault monster count
 F = Vault count percentage of total count
                 A         B        C        D         E       F
            +---------+---------+-------+---------+---------+-------
      Total |      17 |       7 |  29.2 |      10 |       4 |  28.6
            +---------+---------+-------+---------+---------+-------
        D:1 |      16 |       7 |  30.4 |       9 |       4 |  30.8
        D:2 |       1 |       0 |   0.0 |       1 |       0 |   0.0
            +---------+---------+-------+---------+---------+-------

Illustrated notes

Table legend:
 A = Kills in this place as a percentage of kills in entire the game.
 B = Kills by you in this place as a percentage of kills by you in the entire game.
 C = Kills by friends in this place as a percentage of kills by friends in the entire game.
 D = Other kills in this place as a percentage of other kills in the entire game.
 E = Experience gained in this place as a percentage of experience gained in the entire game.
 F = Experience gained in this place divided by the number of levels of this place that you have seen.
                   A       B       C       D       E      F
               +-------+-------+-------+-------+-------+----------------------
         Total | 100.0 | 100.0 |   N/A |   N/A | 100.0 |  12.0
       Dungeon | 100.0 | 100.0 |   N/A |   N/A | 100.0 |  12.0
               +-------+-------+-------+-------+-------+----------------------

Table legend: (Time is in decaauts)
 A = Elapsed time spent in this place.
 B = Non-inter-level travel time spent in this place.
 C = Inter-level travel time spent in this place.
 D = Time resting spent in this place.
 E = Time spent auto-exploring this place.
 F = Levels seen in this place.
 G = Mean time per level.
                   A        B        C        D        E       F      G
               +--------+--------+--------+--------+--------+-----+--------+
         Total |   1703 |   1654 |     49 |    562 |    980 |   2 |  851.5 |
       Dungeon |   1703 |   1654 |     49 |    562 |    980 |   2 |  851.5 |
               +--------+--------+--------+--------+--------+-----+--------+

Top non-repeatable levels by time:
     D:1: 1639 daAuts
     D:2: 63 daAuts
